 Dungeon Crawl Stone Soup version 0.30.0-17-ge0270778cf (webtiles) character file.

Game seed: 10080852566189987299

25 monsoonserge the Sneak (level 2, -1/13 HPs)
             Began as a Spriggan Enchanter on May 23, 2023.
             Slain by a hobgoblin (3 damage)
             ... on level 1 of the Dungeon.
             The game lasted 00:02:28 (546 turns).

monsoonserge the Sneak (Spriggan Enchanter)          Turns: 546, Time: 00:02:28

Health: -1/13      AC:  2    Str:  4    XL:     2   Next: 82%
Magic:  6/6        EV: 17    Int: 16    God:
Gold:   16         SH:  0    Dex: 15    Spells: 6/6 levels left

rFire   . . .        f - +1 dagger (speed)
rCold   . . .        (no shield)
rNeg    . . .        b - +0 robe
rPois   .            (helmet restricted)
rElec   .            (no cloak)
rCorr   .            (gloves unavailable)
SInv    +            (boots unavailable)
Will    .....        (no amulet)
Stlth   +++          (no ring)
HPRegen 0.22/turn    (no ring)
MPRegen 0.10/turn

%: no passive effects
@: very quick
A: very small, no large weapons, unfitting armour, see invisible, speed 3
a: no special abilities


You were on level 1 of the Dungeon.
You visited 1 branch of the dungeon, and saw 2 of its levels.

You collected 16 gold pieces.

Inventory:

Hand Weapons
 f - a +1 dagger of speed (weapon)
Armour
 b - a +0 robe (worn)
Scrolls
 e - a scroll of amnesia {unknown}
Potions
 c - 2 potions of invisibility
 d - a potion of might {unknown}


   Skills:
 + Level 1.4 Short Blades
 + Level 3.1 Dodging
 + Level 5.0 Stealth
 + Level 2.8 Spellcasting
 + Level 4.1 Hexes


You had 6 spell levels left.
You didn't know any spells.
Your spell library contained the following spells:

 Spells                   Type           Power      Damage    Failure   Level
 Confusing Touch          Hex            15%        N/A       11%         3
 Tukima's Dance           Hex            15%        N/A       11%         3
 Ensorcelled Hibernation  Hex/Ice        16%        N/A       12%         2
 Dazzling Flash           Conj/Hex       16%        N/A       24%         3


Dungeon Overview and Level Annotations

Branches:
Dungeon (2/15)

Altars:

Shops:
D:1 :


Innate Abilities, Weirdness & Mutations

You are very small and have problems with some larger weapons.
You are too small for most types of armour.
You have supernaturally acute eyesight. (SInv)
You cover ground extremely quickly. (Speed+++)


Message History

A rat comes into view.
Found a hand axe.
A hobgoblin comes into view.
Found a stone staircase leading down.
The hobgoblin shouts!
There is a stone staircase leading down here.
You climb downwards.
There is a stone staircase leading up here.
The rat closely misses you.
You hit the rat.
The rat is heavily wounded.
The rat closely misses you.
You hit the rat but do no damage.
The rat is heavily wounded.
You hit the rat.
You kill the rat!
You see here a rat corpse.
There is a stone staircase leading up here.
You start resting.
HP restored.
You climb upwards.
The hobgoblin hits you. x2
There is a stone staircase leading down here.
Unknown command.
You barely miss the hobgoblin. You hit the hobgoblin.
The hobgoblin is lightly wounded.
The hobgoblin hits you.
You hit the hobgoblin but do no damage.
The hobgoblin is lightly wounded.
You hit the hobgoblin.
The hobgoblin is moderately wounded.
The hobgoblin hits you.
You closely miss the hobgoblin.
The hobgoblin is moderately wounded.
The hobgoblin hits you.
* * * LOW HITPOINT WARNING * * *
You hit the hobgoblin.
The hobgoblin is heavily wounded.
The hobgoblin hits you.
You die...

#...#.........#....
#...######.......#
## ###.# #.......#
.. #.# #.......# .#
#.# #..#S#### .#
#.# ##...# .# #.#
#...# †# #.# ##g.#
.# #.# ##@# .# #
#.# ### .#.#.#.#
.#...#.# .....#.#
.#####.# .......#
########


You could see a hobgoblin and a ball python.

Vanquished Creatures
  2 endoplasms (D:1)
  A giant cockroach (D:1)
  2 goblins (D:1)
  A hobgoblin (D:1)
  4 jackals (D:1)
  A kobold (D:1)
  2 ball pythons (D:1)
  3 bats (D:1)
  5 frilled lizards (D:1)
  2 rats
23 creatures vanquished.

Notes
Turn   | Place    | Note
-------+----------+-------------------------------------------
     0 | D:1      | monsoonserge the Spriggan Enchanter began the quest for the
                  | Orb.
     0 | D:1      | Reached XP level 1. HP: 9/9 MP: 5/5
   257 | D:1      | Reached XP level 2. HP: 11/13 MP: 6/6
   401 | D:1      | Found Kuadiony's Book Emporium.
   466 | D:1      | Reached skill level 5 in Stealth
   546 | D:1      | Slain by a hobgoblin

Illustrated notes

Levels and vault maps discovered:
D:1:      evilmike_arrival_home_sweet_home, layout_basic, serial_shops, shop,
          minmay_pentomino_q4
D:2:      layout_loops_ring, basic_altar, uniq_sigmund

Skill      XL: |  1  2 |
---------------+-------+-----
Dodging        | 3 |  3.1
Hexes          | 4 |  4.1
Stealth        | 5 |  5.0
Short Blades   | |  1.4
Spellcasting   | |  2.8

Action                     || total
---------------------------++-------
  Melee: Dagger            ||    89
         Punch             ||     1
   Stab: Sleeping          ||     4
 Armour: Robe              ||     2
  Dodge: Dodged            ||    49
